 Dungeon Crawl Stone Soup version 0.31-a0-940-gdaa99269f9 (webtiles) character file.

Game seed: 6386253642300987981

669 sammy202020 the Trooper (level 7, -6/45 HPs)
             Began as a Gargoyle Berserker on Oct 21, 2023.
             Was a Believer of Trog.
             Mangled by Bahuunn's ghost (13 damage)
             ... on level 4 of the Dungeon.
             The game lasted 00:06:28 (3572 turns).

sammy202020 the Trooper (Gargoyle Berserker)        Turns: 3572, Time: 00:06:30

Health: -6/45      AC:  8    Str: 20    XL:     7   Next: 58%
Magic:  7/7        EV: 12    Int: 10    God:    Trog [**....]
Gold:   128        SH:  0    Dex:  9    Spells: 6/6 levels left

rFire   . . .        a - +1 mace
rCold   . . .        (no shield)
rNeg    + . .        k - +0 troll leather armour {Pargi}
rPois   ∞            (no helmet)
rElec   +            (no cloak)
rCorr   .            (no gloves)
SInv    .            (no boots)
Will    ++...        (no amulet)
Stlth   +            (no ring)
HPRegen 2.07/turn    (no ring)
MPRegen 0.10/turn

%: no passive effects
@: strong-willed, on berserk cooldown, regenerating, slowed, studying Dodging,
very slow
A: sickness immunity, AC +4, negative energy resistance 1, electricity
resistance, torment resistance 1, petrification resistance
a: Renounce Religion, Berserk, Trog's Hand


You were on level 4 of the Dungeon.
You worshipped Trog.
Trog was pleased with you.
You visited 1 branch of the dungeon, and saw 6 of its levels.
You also visited: Sewer.

You collected 128 gold pieces.

Inventory:

Hand Weapons
 a - a +1 mace (weapon)
Missiles
 g - 4 boomerangs
Armour
 h - a +0 chain mail
 k - a +0 troll leather armour (worn) {Pargi}
Jewellery
 l - an amulet of magic regeneration
Scrolls
 b - 3 scrolls of fog
 i - a scroll of teleportation
 j - a scroll of enchant weapon
 m - 2 scrolls of fear
 p - a scroll of identify {unknown}
Potions
 c - a potion of lignification
 d - 2 potions of enlightenment {unknown}
 e - 2 potions of berserk rage {unknown}
 f - 3 potions of heal wounds {unknown}
 n - a potion of haste {unknown}
 o - a potion of resistance {unknown}
 q - a potion of might {unknown}


   Skills:
 * Level 5.7 Fighting
 * Level 5.2 Maces & Flails
 * Level 5.0 Armour
 + Level 3.3 Dodging


You had 6 spell levels left.
You didn't know any spells.
Your spell library was empty.

Dungeon Overview and Level Annotations

Branches:
Dungeon (6/15)              Sewer (visited)
 Temple: D:4-7

Altars:
Makhleb
Trog
Wu Jian

Annotations:
D:4 1 transporter, Bahuunn's ghost, novice HOFi


Innate Abilities, Weirdness & Mutations

You are immune to sickness and miasma.
Your stone body is resilient. (AC +4)
You are immune to poison.
You resist negative energy. (rN+)
You are resistant to electric shocks. (rElec)
You are resistant to unholy torment.
You are immune to petrification.


Message History

Bahuunn's ghost is severely damaged.
The bullfrog skeleton hits you but does no damage.
The water moccasin skeleton bites you but does no damage.
The water moccasin zombie closely misses you.
Bahuunn's ghost hits you!
The shadow imp summons a swarm of flies.
The shadow imp hits you.
You barely miss Bahuunn's ghost.
Bahuunn's ghost is severely damaged.
The bullfrog skeleton hits you.
The water moccasin skeleton bites you but does no damage.
You hit Bahuunn's ghost.
Bahuunn's ghost is severely damaged.
The water moccasin zombie bites you. Bahuunn's ghost hits you!
The shadow imp closely misses you.
The bullfrog skeleton hits you but does no damage.
You barely miss Bahuunn's ghost.
Bahuunn's ghost is severely damaged.
The water moccasin skeleton bites you but does no damage.
The water moccasin zombie bites you. Bahuunn's ghost hits you!
* * * LOW HITPOINT WARNING * * *
The shadow imp closely misses you. The bullfrog skeleton hits you.
* * * LOW HITPOINT WARNING * * *
You hit Bahuunn's ghost.
Bahuunn's ghost is severely damaged.
The water moccasin skeleton bites you.
* * * LOW HITPOINT WARNING * * *
The water moccasin zombie bites you but does no damage.
The bullfrog skeleton hits you.
* * * LOW HITPOINT WARNING * * *
You are too berserk!
You are too berserk!
You feel a strong urge to attack something.
You are no longer berserk.
You are exhausted.
You feel yourself slow down.
The bullfrog skeleton attacks as it pursues you!
The bullfrog skeleton hits you but does no damage.
Bahuunn's ghost hits you!
You die...

#....#_....
###############....##....
#.......[..........##8...
#..................# ##8#
#..#############...### ###
#..#©..........#.....# #
#..#...........#.....# #
#..#..###.###..#.....# #
#..#..#8#@#8#..#..#..# #
#.(#?....ZWZ...#..##.# ##
#.©#$..$.5.Z...#©..#.# ##.
#..#?....Z.....#...#.###..
#..#..#8#.#8#..#...#......
#..#..###.###..#..........
#..#...........#..........
#..#Z..........#..#.####..
#..#############..#.# ##.


You could see Bahuunn's ghost, a shadow imp, a water moccasin zombie, a centaur
zombie, a water moccasin skeleton and a bullfrog skeleton.

Vanquished Creatures
  Pargi (Sewer)
  A black bear (D:4)
  A phantom (D:4)
  2 scorpions (D:4)
  2 hounds (D:4)
  A sleepcap (D:4)
  Terence (D:2)
  3 iguanas
  4 adders
  A shadow imp (D:6)
  2 worms
  A dart slug (D:1)
  An orc (D:3)
  6 endoplasms
  8 giant cockroaches
  2 goblins (D:1)
  7 hobgoblins
  6 kobolds
  2 quokkas
  3 ball pythons
  A bat (D:1)
  9 frilled lizards
  7 rats
72 creatures vanquished.

Notes
Turn   | Place    | Note
-------+----------+-------------------------------------------
     0 | D:1      | sammy202020 the Gargoyle Berserker began the quest for the
                  | Orb.
     0 | D:1      | Reached XP level 1. HP: 14/14 MP: 1/1
   149 | D:1      | Reached XP level 2. HP: 14/19 MP: 2/2
   570 | D:1      | Reached ** piety under Trog
   614 | D:1      | Reached XP level 3. HP: 24/24 MP: 3/3
   844 | D:2      | Noticed Terence
   850 | D:2      | Killed Terence
   851 | D:2      | Reached XP level 4. HP: 22/29 MP: 4/4
  1116 | D:2      | Found a bloodstained altar of Trog.
  1566 | D:3      | You fall into a shaft and drop 3 floors!
  1705 | D:6      | Reached XP level 5. HP: 14/33 MP: 5/5
  2449 | D:5      | Entered Level 5 of the Dungeon
  2523 | D:4      | Noticed a black bear
  2538 | D:4      | Killed a black bear
  2539 | D:4      | Reached XP level 6. HP: 6/39 MP: 6/6
  2855 | D:4      | Found a glowing drain.
  2859 | Sewer    | Entered a sewer
  2872 | Sewer    | Identified a scroll of acquirement
  2872 | Sewer    | Acquired a manual of Dodging
  2888 | Sewer    | Reached skill level 5 in Fighting
  2968 | Sewer    | Noticed Pargi
  2981 | Sewer    | Killed Pargi
  3164 | D:4      | Reached XP level 7. HP: 37/44 MP: 7/7
  3279 | D:4      | Reached skill level 5 in Maces & Flails
  3302 | D:4      | Reached *** piety under Trog
  3310 | D:4      | Reached skill level 5 in Armour
  3375 | D:4      | Found a transporter.
  3378 | D:4      | Noticed Bahuunn's ghost (novice HOFi)
  3436 | D:4      | Found a burning altar of Makhleb.
  3436 | D:4      | Found an ornate altar of the Wu Jian Council.
  3478 | D:4      | Found a bloodstained altar of Trog.
  3512 | D:4      | Found a transporter.
  3572 | D:4      | Mangled by Bahuunn's ghost

Illustrated notes

Levels and vault maps discovered:
D:1:      wander_arrival_fairy_ring, layout_loops_ring
D:2:      layout_loops_ring, basic_altar, hangedman_decor_peaks_small,
          uniq_terence
D:3:      layout_basic, zin_scriptorium
D:4:      layout_rooms, nicolae_overflow_hidden_temple,
          gammafunk_temple_overflow_elements, gammafunk_ghost_mausoleum,
          gup_sewer_entry_spiral
D:5:      layout_gridville, nicolae_ru_great_annihilating_truth,
          mainiacjoe_overflow_alcove_1
D:6:      layout_loops_corners, minmay_temple_entry_glass,
          nicolae_grassy_gnolls, uniq_blork_the_orc, uniq_prince_ribbit1

Skill      XL: |  1  2  3  4  5  6  7 |
---------------+----------------------+-----
Fighting       | 4 5 |  5.7
Armour         | 3 4 5 |  5.0
Dodging        | 2 3 |  3.3
Maces & Flails | 4 5 |  5.2

Action                     |  1- 3 |  4- 6 |  7- 9 || total
---------------------------+-------+-------+-------++-------
  Melee: Mace              |    75 |   173 |    61 ||   309
         Punch             |       |     2 |       ||     2
 Invoke: Berserk           |       |     3 |     1 ||     4
         Trog's Hand       |       |     1 |     2 ||     3
    Use: Scroll            |       |     7 |       ||     7
         Potion            |       |     1 |       ||     1
 Armour: Leather armour    |    20 |       |       ||    20
         Animal skin       |     2 |       |       ||     2
         Ring mail         |    18 |       |       ||    18
         Chain mail        |       |   127 |       ||   127
         Skin              |       |    54 |       ||    54
         Troll leather arm |       |    16 |    81 ||    97
  Dodge: Dodged            |    48 |    89 |    35 ||   172

Table legend: (Time is in decaauts)
 A = Elapsed time spent in this place.
 B = Non-inter-level travel time spent in this place.
 C = Inter-level travel time spent in this place.
 D = Time resting spent in this place.
 E = Time spent auto-exploring this place.
 F = Levels seen in this place.
 G = Mean time per level.
                   A        B        C        D        E       F      G
               +--------+--------+--------+--------+--------+-----+--------+
         Total |   3732 |   3715 |     17 |    752 |   2048 |   7 |  533.1 |
       Dungeon |   3448 |   3431 |     17 |    752 |   1919 |   6 |  574.7 |
         Sewer |    284 |    284 |      0 |      0 |    128 |   1 |  284.0 |
               +--------+--------+--------+--------+--------+-----+--------+

Top non-repeatable levels by time:
     D:4: 898 daAuts
     D:6: 896 daAuts
     D:2: 773 daAuts
     D:1: 730 daAuts
   Sewer: 284 daAuts
     D:3: 89 daAuts
     D:5: 58 daAuts
